 Dungeon Crawl Stone Soup version 0.18-a0-1292-ge8ad84c (webtiles) character file.

152550 Duffy the Spry (level 17, 102/102 HPs)
             Began as a Deep Elf Conjurer on Feb 9, 2016.
             Was the Champion of Vehumet.
             Quit the game on level 14 of the Dungeon.
             The game lasted 01:22:54 (39983 turns).

Duffy the Spry (Deep Elf Conjurer)                 Turns: 39983, Time: 01:22:55

Health: 102/102    AC: 18    Str:  5    XL:     17   Next: 3%
Magic:  48/48      EV: 25    Int: 29    God:    Vehumet [******]
Gold:   489        SH:  5    Dex: 17    Spells: 10 memorised, 4 levels left

rFire  + . .     SeeInvis .     r - +2 flail (protect)
rCold  . . .     Gourm    .     w - +2 robe {Archmagi}
rNeg   . . .     Faith    +     z - +0 buckler {AC+3}
rPois  .         Spirit   .     i - +1 hat {Int+3}
rElec  .         Dismiss  .     C - +0 cloak
rCorr  .         Reflect  .     l - +2 pair of gloves
SustAt .         Harm     .     e - +0 pair of boots
MR     +....                    E - amulet of faith
Stlth  ++++......               X - ring of protection from fire
                                H - ring of magical power

@: deflect missiles, somewhat resistant to hostile enchantments, stealthy
A: no striking features
a: Renounce Religion


You were on level 14 of the Dungeon.
You worshipped Vehumet.
Vehumet was exalted by your worship.
You were not hungry.

You visited 4 branches of the dungeon, and saw 26 of its levels.
You also visited: Sewer and Bailey.

You collected 2853 gold pieces.
You spent 2364 gold pieces at shops.


   Skills:
 - Level 10.0 Fighting
 - Level 4.0 Armour
 + Level 16.7 Dodging
 - Level 8.2 Stealth
 - Level 4.4 Shields
 - Level 16.0 Spellcasting
 - Level 15.0 Conjurations
 - Level 3.5 Hexes
 - Level 11.5 Charms
 - Level 4.4 Necromancy
 - Level 9.0 Fire Magic
 - Level 8.0 Air Magic


You had 4 spell levels left.
You knew the following spells:

 Your Spells              Type           Power        Failure   Level  Hunger
a - Magic Dart            Conj           ####         0%          1    None
c - Iskenderun's Mystic   Conj           ########     1%          4    None
i - Iskenderun's Battles  Conj/Chrm      ########     1%          5    None
k - Bolt of Fire          Conj/Fire      #######...   1%          6    ###....
m - Deflect Missiles      Chrm/Air       #######...   8%          6    ###....
n - Fulminant Prism       Conj/Hex       #######...   1%          4    None
o - Orb of Destruction    Conj           ########..   1%          7    #####..
r - Regeneration          Chrm/Necr      #######...   1%          3    None
s - Searing Ray           Conj           ######       0%          2    None
H - Haste                 Chrm           #######.     2%          6    ###....

Inventory:

Hand Weapons
 q - a +0 blowgun
 r - a +2 flail of protection (weapon)
Missiles
 b - 5 poisoned javelins (quivered)
 m - 10 curare-tipped needles
 N - 7 throwing nets
 T - 45 poisoned needles
Armour
 e - a +0 pair of boots (worn)
 i - a +1 hat of intelligence (worn)
 l - a +2 pair of gloves (worn)
 w - a +2 robe of the Archmagi (worn)
 z - a +0 buckler of protection (worn)
 C - a +0 cloak (worn)
Magical Staves
 y - an uncursed staff of wizardry
Jewellery
 x - an uncursed ring of ice
 E - an amulet of faith (around neck)
 H - a ring of magical power (left hand)
 O - a +3 amulet of reflection
 Q - an uncursed amulet of the gourmand
 R - a +3 ring of evasion
 V - an uncursed ring of positive energy
 X - a ring of protection from fire (right hand)
Wands
 I - a wand of paralysis (20/24)
 Y - a wand of digging (9/24)
Scrolls
 a - 2 scrolls of magic mapping
 d - 7 scrolls of recharging
 f - 4 scrolls of blinking
 n - 7 scrolls of teleportation
 D - 3 scrolls of amnesia
 G - 10 scrolls of remove curse
 L - 3 scrolls of fear
 P - a scroll of enchant armour
 S - a scroll of vulnerability
Potions
 h - 10 potions of curing
 k - a potion of might
 s - a potion of beneficial mutation {unknown}
 u - 4 potions of agility
 v - 2 potions of invisibility
 A - 8 potions of heal wounds
 B - 5 potions of flight
 F - 4 potions of magic
 J - 2 potions of cure mutation
 K - a potion of cancellation
 M - 6 potions of haste
 U - a potion of brilliance
 W - 3 potions of resistance
 Z - a potion of ambrosia {unknown}
Comestibles
 c - 15 bread rations
 j - 7 beef jerkies
 o - 29 fruits
 p - 3 royal jellies
 t - 6 meat rations

Dungeon Overview and Level Annotations

Branches:
Dungeon (15/15)            Temple (1/1) D:4            Lair (8/8) D:11
 Shoals (0/4) Lair:5       Spider (0/4) Lair:6        Slime (0/6) Lair:6
    Orc (2/2) D:11            Elf (0/3) Orc:2        Vaults (0/5) D:14
 Depths (0/5) D:15

Altars:
Ashenzari
Cheibriados
Dithmenos
Elyvilon
Fedhas
Gozag
Kikubaaqudgha
Makhleb
Nemelex Xobeh
Okawaru
Pakellas
Qazlal
Ru
Sif Muna
Trog
Vehumet
Xom
Yredelemnul
Zin
The Shining One

Shops:
D:8 *   D:10 =   D:12 (   D:14 ==[   Orc:2 **[!

Annotations:
Lair:5 exclusion: oklob plant


Message History

You can access your shopping list by pressing '$'.
Wear which item? (? for menu, Esc to quit)
You start removing your armour.
You continue taking off your +2 robe of the Archmagi. x4
You finish taking off your +2 robe of the Archmagi.
You feel strangely numb.
You start putting on your armour.
You continue putting on your wizard robe. x5
You finish putting on the +2 robe "Ximn" {-Tele rCorr Str+2}.
Thank you for shopping at Jeazytun's Antique Armour Shop!
You drop a scroll of blinking.
You start removing your armour.
You continue taking off the +2 robe "Ximn" {-Tele rCorr Str+2}. x4
You finish taking off the +2 robe "Ximn" {-Tele rCorr Str+2}.
You drop the +2 robe "Ximn" {-Tele rCorr Str+2}.
There is an entrance to Jeazytun's Antique Armour Shop here.
You see here a pair of embroidered gloves.
l - a pair of embroidered gloves Wear which item? (? for menu, Esc to quit)
You start removing your armour.
You continue taking off your +2 pair of gloves. x4
You finish taking off your +2 pair of gloves.
You start putting on your armour.
You continue putting on your pair of embroidered gloves. x5
You finish putting on your +2 pair of gloves.
Drop what? 52/52 slots (_ for help) (? for menu, Esc to quit)
You drop a +2 pair of gloves.
Wear which item? (? for menu, Esc to quit)
You start putting on your armour.
You continue putting on your +2 robe of the Archmagi. x4
You finish putting on your +2 robe of the Archmagi.
You feel powerful.
You see here a +2 pair of gloves.
You see here a +2 pair of gloves.
Are you sure you want to abandon this character and quit the game? (Confirm with "yes".)

..#......}.}....'...#............
###.....8.8.8...#...#....#######.
................#...#....#.....#.
.........#'###..#...#...(#.....#.
.....(...#...#..+...#...(#.....'.
.........#...#..#####..(.#.....#.
.........#...#...........#.....#.
.........#...#.#####.....##'####.
.........#####.#@....[PP.........
...............#.....P\P.........
............>.(#.....PP[((.......
...............#.................
########.......#.....#...........
.......#.......#####+#...........
.......#....................#+##.
.......#....................#....
.......#....................#....


There were no monsters in sight!

Action                   |  1- 3 |  4- 6 |  7- 9 | 10-12 | 13-15 | 16-18 || total
-------------------------+-------+-------+-------+-------+-------+-------++-------
Melee: Flail             |       |       |       |       |       |     2 ||     2
 Cast: Magic Dart        |    50 |   100 |   264 |   290 |   624 |   169 ||  1497
       Searing Ray       |     4 |     9 |    30 |    34 |    16 |     1 ||    94
       Fulminant Prism   |       |     4 |     1 |       |     4 |       ||     9
       Iskenderun's Batt |       |       |    20 |    66 |   173 |    45 ||   304
       Iskenderun's Myst |       |       |     1 |    49 |   269 |    50 ||   369
       Orb of Destructio |       |       |       |       |    27 |    11 ||    38
       Haste             |       |       |       |       |     3 |     4 ||     7
       Deflect Missiles  |       |       |       |       |     1 |       ||     1
       Bolt of Fire      |       |       |       |       |    70 |   164 ||   234
  Use: Scroll            |       |       |    11 |     2 |     6 |     7 ||    26
       Potion            |       |       |       |     5 |     2 |       ||     7
  Eat: Chunk             |       |     9 |    19 |    28 |    70 |    29 ||   155
       Fruit             |       |       |     2 |       |     6 |       ||     8
       Pizza             |       |       |       |       |       |     6 ||     6

Notes
Turn   | Place    | Note
--------------------------------------------------------------
     0 | D:1      | Duffy the Deep Elf Conjurer began the quest for the Orb.
     0 | D:1      | Reached XP level 1. HP: 10/10 MP: 6/6
   253 | D:1      | Reached XP level 2. HP: 15/15 MP: 6/8
   257 | D:1      | Learned a level 2 spell: Searing Ray
   681 | D:1      | Reached skill level 4 in Spellcasting
   839 | D:1      | Reached skill level 5 in Conjurations
   839 | D:1      | Reached XP level 3. HP: 19/19 MP: 4/10
   922 | D:2      | Found an oddly glowing altar of Pakellas.
   922 | D:2      | Noticed an orange crystal statue
   923 | D:2      | Noticed a hippogriff
   925 | D:2      | Noticed Ijyb
   999 | D:1      | Killed Ijyb
   999 | D:1      | Reached XP level 4. HP: 24/24 MP: 1/12
  1232 | D:2      | Killed a hippogriff
  1274 | D:2      | Reached skill level 5 in Spellcasting
  1339 | D:2      | Learned a level 4 spell: Fulminant Prism
  1344 | D:2      | Learned a level 4 spell: Iskenderun's Mystic Blast
  1471 | D:2      | Noticed Sigmund
  1509 | D:1      | You fall through a shaft!
  1740 | D:2      | Killed Sigmund
  1740 | D:2      | Reached skill level 6 in Spellcasting
  1740 | D:2      | Reached skill level 6 in Conjurations
  1740 | D:2      | Reached skill level 2 in Hexes
  1740 | D:2      | Reached XP level 5. HP: 25/28 MP: 1/15
  1941 | D:2      | Learned a level 5 spell: Iskenderun's Battlesphere
  2262 | D:2      | Reached XP level 6. HP: 32/32 MP: 11/17
  2391 | D:3      | Found a faded altar to an unknown god.
  3498 | D:3      | Reached skill level 3 in Hexes
  3819 | D:4      | Found a staircase to the Ecumenical Temple.
  3834 | D:4      | Reached skill level 1 in Charms
  3881 | Temple   | Entered the Ecumenical Temple
  3969 | Temple   | Became a worshipper of Vehumet
  3990 | D:4      | Reached skill level 2 in Charms
  4005 | D:4      | Reached XP level 7. HP: 36/36 MP: 5/18
  4248 | D:4      | Reached skill level 7 in Conjurations
  4384 | D:4      | Reached skill level 3 in Charms
  4804 | D:4      | Noticed ololoev's ghost (weakling DsFi)
  4816 | D:4      | Killed ololoev's ghost
  5151 | D:4      | Reached skill level 7 in Spellcasting
  5255 | D:5      | Entered Level 5 of the Dungeon
  5283 | D:5      | Noticed Prince Ribbit
  5293 | D:5      | Killed Prince Ribbit
  5293 | D:5      | Reached skill level 4 in Charms
  5458 | D:5      | Reached skill level 8 in Conjurations
  5541 | D:5      | Noticed Grinder
  5553 | D:5      | Killed Grinder
  5553 | D:5      | Reached skill level 8 in Spellcasting
  5553 | D:5      | Reached XP level 8. HP: 41/41 MP: 12/22
  5676 | D:5      | Found a burning altar of Makhleb.
  5690 | D:5      | Found a sacrificial altar of Ru.
  5948 | D:5      | Found an oddly glowing altar of Pakellas.
  5951 | D:5      | Found a sparkling altar of Nemelex Xobeh.
  5953 | D:5      | Found a glowing golden altar of the Shining One.
  5954 | D:5      | Found a snail-covered altar of Cheibriados.
  5956 | D:5      | Found a shattered altar of Ashenzari.
  5957 | D:5      | Found a white marble altar of Elyvilon.
  6334 | D:6      | Reached skill level 9 in Spellcasting
  6555 | D:6      | Found a glowing drain.
  6555 | D:6      | Noticed Pikel
  6569 | D:6      | Killed Pikel
  6569 | D:6      | Reached * piety under Vehumet
  6569 | D:6      | Offered knowledge of Shock by Vehumet.
  6569 | D:6      | Reached skill level 10 in Spellcasting
  6569 | D:6      | Reached skill level 9 in Conjurations
  6614 | Sewer    | Entered a sewer
  6684 | Sewer    | Reached XP level 9. HP: 45/45 MP: 25/25
  7208 | Sewer    | Reached skill level 11 in Spellcasting
  7293 | Sewer    | Reached ** piety under Vehumet
  7293 | Sewer    | Offered knowledge of Throw Flame by Vehumet.
  7495 | D:6      | Reached skill level 10 in Conjurations
  7532 | D:6      | Found a deep blue altar of Sif Muna.
  7594 | D:6      | Learned a level 3 spell: Regeneration
  7636 | D:6      | Reached skill level 3 in Dodging
  7757 | D:6      | Reached skill level 1 in Fighting
  7918 | D:6      | Found a bloodstained altar of Trog.
  7971 | D:7      | Reached skill level 4 in Dodging
  7994 | D:7      | Reached skill level 2 in Fighting
  8131 | D:7      | Found a glowing silver altar of Zin.
  8538 | D:7      | Reached skill level 5 in Dodging
  8594 | D:7      | Reached skill level 3 in Fighting
  8745 | D:7      | Reached skill level 6 in Dodging
  9114 | D:8      | Offered knowledge of Stone Arrow by Vehumet.
  9207 | D:8      | Found Rumnykust's General Store.
  9231 | D:8      | Bought a scroll of identify for 30 gold pieces
  9231 | D:8      | Bought a scroll of identify for 30 gold pieces
  9345 | D:8      | Reached *** piety under Vehumet
  9374 | D:8      | Reached skill level 4 in Fighting
  9374 | D:8      | Reached XP level 10. HP: 56/56 MP: 19/27
  9597 | D:8      | Reached skill level 7 in Dodging
 10114 | D:9      | Offered knowledge of Inner Flame by Vehumet.
 10337 | D:9      | Reached skill level 5 in Fighting
 10345 | D:9      | Reached skill level 8 in Dodging
 10436 | D:9      | Found a shimmering altar of Xom.
 10560 | D:9      | Found a shadowy altar of Dithmenos.
 10803 | D:9      | Noticed a gargoyle
 10810 | D:9      | Killed a gargoyle
 11255 | D:10     | Entered Level 10 of the Dungeon
 11447 | D:10     | Found Fylisiwi's Jewellery Boutique.
 11504 | D:10     | Reached skill level 9 in Dodging
 11545 | D:10     | Reached skill level 6 in Fighting
 11986 | D:10     | Noticed a hill giant
 11993 | D:10     | Killed a hill giant
 11993 | D:10     | Reached **** piety under Vehumet
 12117 | D:10     | Reached skill level 10 in Dodging
 12179 | D:9      | Noticed an iron golem
 12179 | D:9      | Noticed an iron golem
 12179 | D:9      | Noticed an iron golem
 12179 | D:9      | Noticed an iron golem
 12224 | D:10     | Killed an iron golem
 12224 | D:10     | Reached XP level 11. HP: 66/66 MP: 6/28
 12481 | D:11     | Reached skill level 7 in Fighting
 12739 | D:11     | Offered knowledge of Airstrike by Vehumet.
 13027 | D:11     | Reached skill level 8 in Fighting
 13100 | D:11     | Found a staircase to the Lair.
 13309 | D:11     | Reached skill level 3 in Stealth
 13538 | D:11     | Found a basalt altar of Yredelemnul.
 13562 | D:11     | Found a staircase to the Orcish Mines.
 13635 | D:11     | Reached skill level 4 in Stealth
 13850 | D:12     | Reached skill level 1 in Necromancy
 14017 | D:12     | Found a flagged portal.
 14022 | D:12     | Reached skill level 2 in Necromancy
 14061 | Bailey   | Entered a bailey
 14219 | Bailey   | Reached skill level 3 in Necromancy
 14536 | Bailey   | Reached skill level 4 in Necromancy
 14788 | Bailey   | Reached skill level 11 in Dodging
 14796 | Bailey   | Reached ***** piety under Vehumet
 14796 | Bailey   | Offered knowledge of Orb of Destruction by Vehumet.
 14811 | Bailey   | Learned a level 7 spell: Orb of Destruction
 14835 | Bailey   | Noticed an orc knight
 14901 | Bailey   | Killed an orc knight
 15047 | Bailey   | Reached skill level 14 in Spellcasting
 15047 | Bailey   | Reached XP level 12. HP: 74/74 MP: 32/32
 15224 | D:12     | Reached skill level 1 in Armour
 15305 | D:12     | Reached skill level 2 in Armour
 15477 | D:12     | Reached skill level 3 in Armour
 15496 | D:12     | Reached skill level 4 in Armour
 15569 | D:12     | Noticed Harold
 15615 | D:12     | Killed Harold
 15652 | D:12     | Noticed an eight-headed hydra
 15657 | D:12     | Killed an eight-headed hydra
 15657 | D:12     | Reached skill level 15 in Spellcasting
 15657 | D:12     | Reached XP level 13. HP: 78/78 MP: 31/34
 15771 | D:12     | Reached skill level 11 in Conjurations
 15797 | D:12     | Found a sparkling altar of Nemelex Xobeh.
 16155 | D:12     | Found Kadoucwa's Weapon Shoppe.
 16466 | Lair:1   | Entered Level 1 of the Lair of Beasts
 16487 | Lair:1   | Reached skill level 12 in Conjurations
 16493 | Lair:1   | Noticed Gastronok
 16793 | Lair:1   | Killed Gastronok
 17023 | Lair:1   | Reached skill level 13 in Conjurations
 17700 | Lair:1   | Found a stormy altar of Qazlal.
 18289 | Lair:2   | Noticed Urug
 18435 | Lair:2   | Killed Urug
 18435 | Lair:2   | Reached skill level 14 in Conjurations
 18660 | Lair:2   | Noticed Sonja
 19327 | Lair:3   | Killed Sonja
 19827 | Lair:3   | Noticed Fannar
 19853 | Lair:2   | Reached skill level 15 in Conjurations
 20187 | Lair:3   | Killed Fannar
 20338 | Lair:3   | Reached skill level 9 in Fighting
 20611 | Lair:3   | Reached XP level 14. HP: 86/86 MP: 34/35
 21238 | Lair:4   | Noticed Josephine
 21251 | Lair:4   | Killed Josephine
 21358 | Lair:4   | Offered knowledge of Bolt of Cold by Vehumet.
 21551 | Lair:4   | Reached skill level 10 in Fighting
 21763 | D:8      | Bought a book of Enchantments for 750 gold pieces
 21772 | D:8      | Learned a level 6 spell: Haste
 21779 | D:8      | Learned a level 6 spell: Deflect Missiles
 21876 | D:11     | Reached skill level 5 in Charms
 22185 | Lair:4   | Reached skill level 6 in Charms
 22423 | Lair:4   | Reached skill level 7 in Charms
 22785 | Lair:5   | Found a blossoming altar of Fedhas.
 22921 | Lair:5   | Reached skill level 8 in Charms
 22974 | Lair:5   | Found a staircase to the Shoals.
 23135 | Lair:5   | Reached skill level 9 in Charms
 24176 | Lair:6   | Offered knowledge of Lee's Rapid Deconstruction by Vehumet.
 24179 | Lair:6   | Reached skill level 10 in Charms
 24607 | Lair:6   | Learned a level 6 spell: Bolt of Fire
 24722 | Lair:6   | Found a staircase to the Slime Pits.
 25045 | Lair:6   | Reached skill level 1 in Air Magic
 25231 | Lair:6   | Noticed Kirke
 25301 | Lair:6   | Reached skill level 16 in Spellcasting
 25301 | Lair:6   | Reached skill level 2 in Air Magic
 25411 | Lair:6   | Killed Kirke
 25411 | Lair:6   | Reached skill level 3 in Air Magic
 25755 | Lair:6   | Reached skill level 4 in Air Magic
 25793 | Lair:6   | Found a hole to the Spider Nest.
 26077 | Lair:7   | Offered knowledge of Irradiate by Vehumet.
 26162 | Lair:7   | Reached skill level 5 in Air Magic
 26349 | Lair:7   | Reached skill level 6 in Air Magic
 26558 | Lair:7   | Reached skill level 1 in Fire Magic
 26561 | Lair:7   | Reached skill level 2 in Fire Magic
 26777 | Lair:7   | Reached skill level 3 in Fire Magic
 26779 | Lair:7   | Reached XP level 15. HP: 71/92 MP: 33/37
 26858 | Lair:7   | Reached skill level 4 in Fire Magic
 27217 | Lair:7   | Reached skill level 5 in Fire Magic
 27692 | Lair:7   | Reached skill level 6 in Fire Magic
 28028 | Lair:7   | Reached skill level 7 in Fire Magic
 28435 | Lair:8   | Entered Level 8 of the Lair of Beasts
 28506 | Lair:8   | Reached skill level 11 in Charms
 28994 | Lair:8   | Noticed PeterLawrence's ghost (journeyman GrFi)
 29039 | Lair:8   | Killed PeterLawrence's ghost
 29039 | Lair:8   | Reached skill level 8 in Fire Magic
 29039 | Lair:8   | Reached skill level 7 in Air Magic
 29700 | Lair:8   | Reached skill level 8 in Air Magic
 29894 | Lair:8   | Reached skill level 9 in Fire Magic
 29926 | Lair:8   | Reached skill level 5 in Stealth
 29929 | Lair:8   | Reached ****** piety under Vehumet
 30050 | Lair:8   | Reached skill level 6 in Stealth
 30253 | Lair:8   | Reached skill level 7 in Stealth
 30255 | Lair:8   | Offered knowledge of Conjure Ball Lightning by Vehumet.
 30416 | Lair:8   | Reached skill level 8 in Stealth
 31475 | Lair:7   | Reached skill level 12 in Dodging
 31478 | Lair:7   | Reached XP level 16. HP: 97/97 MP: 21/38
 31844 | Orc:1    | Entered Level 1 of the Orcish Mines
 31844 | Orc:1    | Found a shimmering altar of Xom.
 32002 | Orc:2    | Entered Level 2 of the Orcish Mines
 32118 | Orc:1    | Noticed Erolcha
 32122 | Orc:1    | Killed Erolcha
 32427 | Orc:2    | Found a staircase to the Elven Halls.
 32991 | Orc:2    | Reached skill level 13 in Dodging
 33099 | Orc:2    | Offered knowledge of Ozocubu's Refrigeration by Vehumet.
 33870 | Orc:2    | Reached skill level 14 in Dodging
 34160 | Orc:2    | Found Ruczeat's Distillery.
 34160 | Orc:2    | Found Laaloc's General Store.
 34160 | Orc:2    | Found Xisatocu's Armour Shop.
 34160 | Orc:2    | Found Uwkuss's Assorted Antiques.
 34855 | Orc:2    | Bought a +2 robe of the Archmagi for 640 gold pieces
 34871 | Orc:2    | Bought a cyan potion for 18 gold pieces
 34871 | Orc:2    | Bought a scroll labeled CAMNIA HYSUFOM for 21 gold pieces
 34872 | Orc:2    | Bought a scroll of identify for 34 gold pieces
 34874 | Orc:2    | Bought a potion of brilliance for 56 gold pieces
 34874 | Orc:2    | Bought a potion of heal wounds for 70 gold pieces
 34874 | Orc:2    | Bought a potion of magic for 112 gold pieces
 34880 | Orc:2    | Bought a scroll of blinking for 127 gold pieces
 34881 | Orc:2    | Bought a potion of curing for 42 gold pieces
 34883 | Orc:2    | Bought a potion of curing for 51 gold pieces
 34887 | Orc:2    | Bought a runed emerald amulet for 105 gold pieces
 35453 | D:14     | Offered knowledge of Iron Shot by Vehumet.
 35564 | D:14     | Found Jeazytun's Antique Armour Shop.
 35591 | D:14     | Bought a runed buckler for 85 gold pieces
 35601 | D:14     | Found Xeisaso's Jewellery Boutique.
 35762 | D:14     | Reached skill level 1 in Shields
 35860 | D:14     | Reached skill level 2 in Shields
 36074 | D:14     | Found a gate to the Vaults.
 36428 | D:14     | Reached skill level 3 in Shields
 36586 | D:14     | Found Firoette's Jewellery Shoppe.
 37172 | D:13     | Reached skill level 4 in Shields
 37448 | D:13     | Reached skill level 15 in Dodging
 38029 | D:15     | Entered Level 15 of the Dungeon
 38969 | D:15     | Reached skill level 16 in Dodging
 39522 | D:15     | Found a staircase to the Depths.
 39602 | D:15     | Noticed WhatIsLove's ghost (journeyman DsMo)
 39618 | D:15     | Killed WhatIsLove's ghost
 39618 | D:15     | Reached XP level 17. HP: 82/102 MP: 33/39
 39919 | D:14     | Bought a wizard robe for 108 gold pieces
 39929 | D:14     | Identified the +2 robe "Ximn" {-Tele rCorr Str+2} (You bought it in a shop on level 14 of the Dungeon)
 39929 | D:14     | Bought a pair of embroidered gloves for 85 gold pieces
 39983 | D:14     | Quit the game

Vault maps used:
D:1:      scummos_arrival_hexagon, serial_bayou_pond_b
D:2:      serial_forest, infiniplex_forest_end_2, infiniplex_forest_lined_ring,
          infiniplex_forest_zigzag_1, infiniplex_forest_end_double,
          infiniplex_forest_straight_4, infiniplex_forest_clump_diagonal,
          infiniplex_forest_clump_small, gammafunk_pakellas_statue_experiment,
          uniq_sigmund, uniq_iyjb
D:3:      ecumenical_altar_2, hangedman_decor_diamond_cutter
D:4:      minmay_temple_entry_grid, first_bread
D:5:      lemuel_crystal_altar, minitemple, basic_altar, nrook_mini_vaults,
          minmay_misc_feat_pillars, kennysheep_generic_room_10, uniq_grinder,
          uniq_prince_ribbit1
D:6:      lightli_temple_of_fire, led_sif_book, gup_sewer_entry_glass,
          uniq_pikel
D:7:      overflow_temple_1_default
D:8:      serial_shops, shop, dk_noncrumbling_4, the_bakery,
          hangedman_decor_lopped
D:9:      cheibrodos_stairvault_heist, marbit_many_paths,
          grunt_dithmenos_shadows, minmay_fountain_box
D:10:     serial_shops, shop
D:11:     erik_lair_island, basic_altar
D:12:     serial_shops, kennysheep_little_box, basic_altar, enter_bailey_7,
          minmay_gold_behind_fungi, uniq_harold
D:13:     hangedman_cross_veins, nrook_pool_corridor
D:14:     david_vaults_4, serial_shops, shop, nicolae_shop_overgrown_old_shop,
          nicolae_shop_temple_entry_statues_fountains, nrook_uturn
D:15:     gammafunk_enter_depths_forms, corexii_corridor_pit,
          minmay_misc_feat_more_columns
Temple:   circular_temple_pool_8
Lair:1:   basic_altar, grunt_megastairs_4, uniq_gastronok
Lair:2:   infiniplex_staircase_pool, grunt_megastairs_3, uniq_sonja, uniq_urug
Lair:3:   lemuel_fruit_tree, uniq_fannar
Lair:4:   uniq_josephine
Lair:5:   minmay_shoals_entry_lonely_mermaid, st_stairs_5, tgw_fedhas
Lair:6:   spider_nest_entry_funnel_web, minmay_slime_entry_jelly_boxes,
          grunt_forest_large_clearings, grunt_megastairs_5, uniq_kirke
Lair:7:   beast_lair_carwin_large_4
Lair:8:   minmay_lair_end_frog_pond, columned_hall_lemuel,
          nicolae_quartered_pool_super
Orc:1:    basic_altar, uniq_erolcha
Orc:2:    st_orc_ogre_mass
Sewer:    sewer_co_tree
Bailey:   bailey_polearm_2, bailey

Vanquished Creatures
  Gastronok Kirke
  The ghost of PeterLawrence the Fighter, a journeyman GrFi of Okawaru
  The ghost of WhatIsLove the Transmogrifier, a journeyman DsMo of Cheibriados
  An ettin
  An ettin (shapeshifter)
  Josephine Erolcha
  A rakshasa Fannar Harold
  13 hydras
  5 centaur warriors
  A catoblepas
  A dancing weapon
  12 death yaks
  4 ogre magi
  2 tengu warriors Urug
  A deep troll earth mage
  An iron golem Sonja
  A deep elf knight
  An iron troll
  A giant orange brain
  2 unseen horrors
  7 hill giants
  A necromancer
  3 orc knights Pikel
  6 ugly things
  5 orc sorcerers
  4 cyclopes
  A deep elf mage
  2 griffons
  A manticore (shapeshifter)
  3 manticores
  61 elephants
  A siren
  5 black mambas
  5 centaur zombies
  3 gargoyles
  A torpor snail
  A freezing wraith
  24 spiny frogs
  9 komodo dragons
  A redback zombie
  4 fire drakes
  A merfolk (shapeshifter)
  2 tengu conjurers
  2 jumping spiders
  3 giant leeches
  A queen bee (shapeshifter)
  8 trolls Prince Ribbit
  A harpy skeleton
  A hornet zombie
  2 polar bears
  22 two-headed ogres Grinder
  19 blink frogs
  4 slime creatures
  2 redbacks
  A spriggan
  A vampire
  64 yaks Sigmund
  2 shadows
  8 wraiths
  10 hippogriffs
  6 wyverns
  6 hogs
  A basilisk (shapeshifter)
  14 vampire mosquitoes
  2 basilisks
  A steam dragon
  12 wolves
  22 water moccasins
  33 orc warriors
  14 porcupines
  2 ice beasts
  2 sky beasts
  An eye of draining
  2 phantoms
  32 ogres
  A wasp
  3 necrophages
  18 centaurs
  A boggart
  15 crocodiles
  6 big kobolds
  34 giant frogs
  A gnoll sergeant
  11 jellies
  7 scorpions
  13 killer bees
  5 wights
  9 electric eels
  3 giant frog zombies
  3 crimson imps
  4 quasits
  11 hounds
  15 orc priests
  2 centaur skeletons
  18 orc wizards
  4 giant frog skeletons Ijyb
  11 iguanas
  9 worker ants
  21 sheep
  The ghost of ololoev the Skirmisher, a weakling DsFi
  A hound skeleton
  2 worker ant zombies
  10 gnolls
  20 adders
  74 river rats
  A shadow imp
  8 oozes
  An adder zombie
  An adder skeleton
  7 worms
  4 giant geckos
  87 orcs
  5 bats
  7 giant cockroaches
  13 goblins
  10 hobgoblins
  13 jackals
  20 kobolds
  4 quokkas
  4 ball pythons
  4 giant newts
  A quokka skeleton
  11 rats
  9 fulminant prisms
  28 fungi
  30 plants
1116 creatures vanquished.
